 Dungeon Crawl Stone Soup version 0.31-a0-632-g766dd24fdf (webtiles) character file.

Game seed: 15075864967980437923

1884 oldmanjim the Grappler (level 8, -4/70 HPs)
             Began as a Troll Shapeshifter on Aug 25, 2023.
             Was a Follower of Trog.
             Slain by an orc warrior
             ... wielding a +0 halberd
              (16 damage)
             ... in a bailey.
             The game lasted 00:20:04 (5217 turns).

oldmanjim the Grappler (Troll Shapeshifter)         Turns: 5217, Time: 00:20:07

Health: -4/70      AC:  6    Str: 24    XL:     8   Next: 92%
Magic:  7/7        EV: 14    Int:  4    God:    Trog [*.....]
Gold:   92         SH:  0    Dex:  8    Spells: 7/7 levels left

rFire   . .          .
                       - Unarmed
rCold   + + .        (no shield)
rNeg    . . .        A - +2 robe of Nigosch {rElec rC++ Str-2 Dex-2}
rPois   .            (helmet currently unavailable)
rElec   +            (cloak currently unavailable)
rCorr   .            (gloves unavailable)
SInv    .            (boots unavailable)
Will    .....        (no amulet)
Stlth   +            G - ring of flight
HPRegen 1.11/turn    w - +5 ring of evasion
MPRegen 0.10/turn

%: no passive effects
@: beast-form, flying
A: beast (slay +4), large, unfitting armour, claws 3, regeneration 1, shaggy fur
1, tough skin 1
a: Begin Untransformation, Renounce Religion, Berserk


You were in a bailey.
You worshipped Trog.
Trog was aware of your devotion.
You were a hulking beast.
You visited 2 branches of the dungeon, and saw 8 of its levels.
You also visited: Sewer and Bailey.

You collected 290 gold pieces.
You spent 198 gold pieces at shops.

Inventory:

Missiles
 f - 66 stones
 k - 12 poisoned darts
 m - 2 atropa-tipped darts
 v - 13 boomerangs (quivered)
 C - 3 throwing nets
Armour
 a - a +0 animal skin
 A - the +2 robe of Nigosch (worn) {rElec rC++ Str-2 Dex-2}
   (You found it on level 5 of the Dungeon)

   Str-2:     It affects your strength (-2).
   Dex-2:     It affects your dexterity (-2).
   rC++:      It greatly protects you from cold.
   rElec:     It insulates you from electricity.
Jewellery
 n - a ring of willpower
 w - a +5 ring of evasion (right claw)
 G - a ring of flight (left claw)
 H - a ring of resist corrosion
Talismans
 c - a beast talisman (active)
 d - a flux talisman
Wands
 o - a wand of quicksilver (11)
 B - a wand of charming (14)
Scrolls
 e - 2 scrolls of silence
 g - a scroll of enchant armour {unknown}
 h - a scroll of poison
 p - a scroll of summoning
 r - a scroll of immolation
 y - a scroll of teleportation
 D - a scroll of brand weapon
 F - a scroll of fear {unknown}
Potions
 b - 2 potions of lignification
 i - 3 potions of brilliance {unknown}
 j - a potion of magic {unknown}
 q - 3 potions of might {unknown}
 s - 4 potions of heal wounds {unknown}
 t - 2 potions of degeneration {unknown}
 u - 2 potions of enlightenment {unknown}
 x - 3 potions of curing
 z - a potion of haste {unknown}
 E - 4 potions of attraction {unknown}


   Skills:
 - Level 1.0 Fighting
 - Level 2.0 Dodging
 + Level 8.7 Unarmed Combat
 + Level 8.0 Shapeshifting


You had 7 spell levels left.
You didn't know any spells.
Your spell library contained the following spells:

 Spells                   Type           Power      Damage    Failure   Level
 Ensorcelled Hibernation  Hex/Ice        0%         N/A       65%         2
 Lesser Beckoning         Tloc           0%         N/A       65%         2
 Passwall                 Tmut/Erth      0%         N/A       65%         2
 Gell's Gravitas          Tloc           0%         N/A       86%         3
 Swiftness                Air            0%         N/A       86%         3
 Teleport Other           Tloc           0%         N/A       86%         3
 Cause Fear               Hex            0%         N/A       99%         4
 Fireball                 Conj/Fire      0%         3d3       100%        5
 Dragon's Call            Summ           0%         N/A       100%        9


Dungeon Overview and Level Annotations

Branches:
Dungeon (7/15)             Temple (1/1) D:5           Sewer (visited)
 Bailey (1/1)

Altars:
Ashenzari
Cheibriados
Dithmenos
Elyvilon
Fedhas
Gozag
Hepliaklqana
Kikubaaqudgha
Makhleb
Nemelex Xobeh
Okawaru
Qazlal
Ru
Sif Muna
Trog
Uskayaw
Vehumet
Xom
Yredelemnul
Zin
The Shining One

Shops:
D:4 *   D:5 =*(*

Annotations:
D:4 3 runed translucent doors, baller8008's ghost, amateur DECj; osoart's ghost, amateur SpSh
D:5 1 runed translucent door, olddryhag's ghost, novice DEVM
D:6 1 runed translucent door, Crazy Yiuf


Innate Abilities, Weirdness & Mutations

You are a hulking beast.
Your limbs bulge with bestial killing power. (Slay +4)
You are too large for most types of armour.
You have claws for hands.
Your natural rate of healing is unusually fast.
You are covered in fur. (AC +1)
You have tough skin. (AC +1)


Message History

The orc warrior misses you.
You mangle the orc!!
You kill the orc!
Trog accepts your kill.
The orc hits you from afar with a +0 halberd.
The orc warrior barely misses you. The orc hits you with a +0 halberd.
The orc warrior closely misses you.
The orc warrior hits you from afar with a +0 halberd!
The orc warrior closely misses you.
You mangle the orc!!
You kill the orc!
Trog accepts your kill. The orc warrior barely misses you.
The orc warrior attacks as it pursues you!
The orc warrior hits you from afar with a +0 halberd!
The orc warrior barely misses you. The orc warrior closely misses you.
The orc warrior barely misses you.
The orc warrior hits you from afar with a +0 halberd!
The orc warrior hits you from afar with a +0 spear!
An orc warrior comes into view. It is wielding a +0 glaive.
The orc warrior shouts!
You hear a shout!
The orc warrior misses you. x2; The orc warrior closely misses you.
The orc warrior hits you with a +0 spear!
You miss the orc warrior.
The orc warrior is lightly wounded.
The orc warrior hits you from afar with a +0 glaive!
The orc warrior closely misses you. x2
You claw the orc warrior!
The orc warrior is severely wounded.
The orc warrior hits you with a +0 spear.
The orc warrior misses you.
The orc warrior hits you with a +0 halberd!
You closely miss the orc warrior.
The orc warrior is severely wounded.
The orc warrior misses you. The orc warrior closely misses you. x2
The orc warrior hits you from afar with a +0 glaive!!
* * * LOW HITPOINT WARNING * * *
The orc warrior hits you with a +0 halberd!
You die...

♣≈≈≈≈≈♣ ♣≈≈≈≈≈♣♣♣♣
♣)≈≈≈≈≈..♣♣
♣.)≈≈≈≈≈..♣#
####..≈≈≈≈...# ####.
#..≈≈≈≈≈..#### ....
#..o≈≈≈≈.....###
o..##.oo≈≈≈≈).♣♣...♣♣♣
#.o#..ooh≈≈≈..♣......♣♣
#8o#...######.........♣
#..#...............∩..♣
#..'..................♣
#.)'..................♣
#..#.......).......∩..♣
#8.#...######.........♣
#..#....≈≈≈≈.........♣♣
...##.♣.≈≈≈≈..♣....♣♣♣


You could see 5 orc warriors.

Vanquished Creatures
  Menkaure (D:4)
  A water moccasin (D:7)
  2 orc warriors
  Pargi (Sewer)
  A black bear (D:4)
  A sky beast (D:6)
  An ogre (D:5)
  An ice beast (D:5)
  A kobold brigand (D:5)
  2 bullfrogs
  A scorpion (D:6)
  2 jellies
  2 hounds (D:5)
  2 orc priests
  A gnoll bouda (D:7)
  A sleepcap (D:5)
  3 iguanas
  Ijyb (D:5)
  2 orc wizards
  6 adders
  19 gnolls
  3 white imps
  2 worms (D:3)
  17 orcs
  8 ball pythons
  5 bats
  10 endoplasms
  4 giant cockroaches
  11 goblins
  7 hobgoblins
  9 kobolds
  A quokka (D:5)
  4 frilled lizards
  5 rats
138 creatures vanquished.

Notes
Turn   | Place    | Note
-------+----------+-------------------------------------------
     0 | D:1      | oldmanjim the Troll Shapeshifter began the quest for the
                  | Orb.
     0 | D:1      | Reached XP level 1. HP: 18/18 MP: 0/0
   284 | D:1      | Reached skill level 1 in Fighting
   332 | D:1      | Reached XP level 2. HP: 19/27 MP: 1/1
   813 | D:2      | Reached XP level 3. HP: 26/33 MP: 2/2
  1033 | D:2      | Reached XP level 4. HP: 38/41 MP: 3/3
  1818 | D:3      | Reached XP level 5. HP: 45/48 MP: 4/4
  2369 | D:4      | Found a runed translucent gate.
  2369 | D:4      | Found a runed translucent gate.
  2379 | D:4      | Found a runed translucent gate.
  2380 | D:4      | Noticed osoart's ghost (amateur SpSh)
  2381 | D:4      | Noticed baller8008's ghost (amateur DECj)
  2420 | D:4      | Noticed a black bear
  2433 | D:4      | Killed a black bear
  2434 | D:4      | Reached skill level 5 in Unarmed Combat
  2473 | D:4      | Found Pedwo's General Store.
  2478 | D:4      | Bought a potion of curing for 33 gold pieces
  2478 | D:4      | Bought a scroll of teleportation for 33 gold pieces
  2518 | D:4      | Reached XP level 6. HP: 55/55 MP: 5/5
  2531 | D:4      | Found a glowing drain.
  2538 | Sewer    | Entered a sewer
  2544 | Sewer    | Noticed Pargi
  2550 | Sewer    | Killed Pargi
  2551 | Sewer    | Reached skill level 5 in Shapeshifting
  2972 | D:4      | Found a snail-covered altar of Cheibriados.
  2974 | D:4      | Found a glowing golden altar of the Shining One.
  3087 | D:5      | Entered Level 5 of the Dungeon
  3087 | D:5      | Noticed Menkaure
  3096 | D:4      | Killed Menkaure
  3143 | D:5      | Reached XP level 7. HP: 59/62 MP: 6/6
  3177 | D:5      | Identified the +2 robe of Nigosch {rElec rC++ Str-2 Dex-2}
  3270 | D:5      | Found a runed translucent door.
  3281 | D:5      | Noticed olddryhag's ghost (novice DEVM)
  3328 | D:5      | Found a staircase to the Ecumenical Temple.
  3328 | D:5      | Noticed Ijyb
  3341 | D:5      | Killed Ijyb
  3388 | Temple   | Entered the Ecumenical Temple
  3397 | Temple   | Became a worshipper of Trog the Wrathful
  3466 | D:5      | Found Usetuf's General Store.
  3527 | D:5      | Found Dapp's Jewellery Shoppe.
  3706 | D:5      | Found Gimey's Weapon Shop.
  3720 | D:5      | Reached XP level 8. HP: 70/70 MP: 7/7
  3767 | D:5      | Found Qomybohu's Assorted Antiques.
  3771 | D:5      | Bought an orange potion for 20 gold pieces
  3771 | D:5      | Bought an orange potion for 20 gold pieces
  3771 | D:5      | Bought a short wooden wand for 92 gold pieces
  4530 | D:6      | Found a shimmering altar of Xom.
  4533 | D:6      | Found an opulent altar of Gozag.
  4541 | D:6      | Found an iron altar of Okawaru.
  4688 | D:6      | Reached * piety under Trog
  4778 | D:6      | Found a runed translucent door.
  4779 | D:6      | Noticed Crazy Yiuf
  5082 | D:7      | Found a flagged portal.
  5092 | Bailey   | Entered a bailey
  5217 | Bailey   | Slain by an orc warrior

Illustrated notes

Levels and vault maps discovered:
D:1:      dpeg_arrival_tiny_f, layout_loops_corners
D:2:      layout_loops_ring
D:3:      layout_loops_corners
D:4:      layout_rooms, nicolae_overflow_hidden_temple,
          gammafunk_ghost_cemetery, serial_shops, shop, portal_sewer_entry_e
D:5:      layout_cave_pods, minmay_temple_entry_crystal_x, serial_shops,
          shop_fountains, nicolae_shop_tiny_statue_garden,
          nicolae_shop_peninsula, nicolae_shop_tiny_glass,
          ebering_ghost_sewer_d, uniq_menkaure, uniq_ijyb
D:6:      layout_cave_pods, minitemple, uniq_crazy_yiuf_cottage
D:7:      layout_basic, lemuel_round_altar, enter_bailey_3
Temple:   nicolae_temple_superstar
Bailey:   bailey_polearm_elven_captive_hellmonk, bailey

Skill      XL: |  1  2  3  4  5  6  7  8 |
---------------+-------------------------+-----
Fighting       | 1 |  1.0
Unarmed Combat | 4 5 6 7 8 |  8.7
Shapeshifting  | 4 5 6 8 |  8.0
Dodging        | 2 |  2.0

Action                     |  1- 3 |  4- 6 |  7- 9 || total
---------------------------+-------+-------+-------++-------
  Melee: Unarmed           |    73 |   111 |   173 ||   357
         Punch             |       |     3 |     4 ||     7
  Throw: Boomerang         |       |     6 |     6 ||    12
         Stone             |       |     2 |       ||     2
    Use: Scroll            |       |       |     8 ||     8
 Armour: Animal skin       |    21 |    30 |     3 ||    54
         Robe              |       |       |    28 ||    28
  Dodge: Dodged            |    35 |    56 |   189 ||   280

Table legend: (Time is in decaauts)
 A = Elapsed time spent in this place.
 B = Non-inter-level travel time spent in this place.
 C = Inter-level travel time spent in this place.
 D = Time resting spent in this place.
 E = Time spent auto-exploring this place.
 F = Levels seen in this place.
 G = Mean time per level.
                   A        B        C        D        E       F      G
               +--------+--------+--------+--------+--------+-----+--------+
         Total |   5180 |   5005 |    175 |     23 |   3793 |  10 |  518.0 |
       Dungeon |   4893 |   4718 |    175 |     23 |   3675 |   7 |  699.0 |
        Temple |     18 |     18 |      0 |      0 |      0 |   1 |   18.0 |
         Sewer |    146 |    146 |      0 |      0 |    118 |   1 |  146.0 |
        Bailey |    121 |    121 |      0 |      0 |      0 |   1 |  121.0 |
               +--------+--------+--------+--------+--------+-----+--------+

Top non-repeatable levels by time:
     D:5: 1024 daAuts
     D:1: 800 daAuts
     D:3: 799 daAuts
     D:6: 783 daAuts
     D:2: 693 daAuts
     D:4: 676 daAuts
   Sewer: 146 daAuts
  Bailey: 121 daAuts
     D:7: 116 daAuts
  Temple: 18 daAuts
